 Dungeon Crawl Stone Soup version 0.20.1-1-g8b1a95d (webtiles) character file.

116 Internecine the Shooter (level 5, -5/34 HPs)
             Began as a Halfling Hunter on Sept 22, 2017.
             Slain by an orc
             ... wielding a +0 trident of distortion
              (14 damage)
             ... on level 3 of the Dungeon.
             The game lasted 00:42:22 (2396 turns).

Internecine the Shooter (Halfling Hunter)           Turns: 2396, Time: 00:42:23

Health: -5/34      AC:  9    Str: 13    XL:     5   Next: 20%
Magic:  0/5        EV:  8    Int:  9    God:
Gold:   52         SH:  0    Dex: 16    Spells: 4/4 levels left

rFire    + . .     SeeInvis .   F - +0 hunting sling
rCold    . . .     Gourm    .   (shield restricted)
rNeg     . . .     Faith    .   m - +0 chain mail
rPois    .         Spirit   +   (no helmet)
rElec    .         Reflect  .   (no cloak)
rCorr    .         Harm     .   (no gloves)
MR       .....                  (no boots)
Stlth    ..........             e - amulet of guardian spirit
Regen    0.2/turn               x - +1 ring of protection
MPRegen  0.1/turn               (no ring)

@: confused
A: fire resistance 1, mutation resistance 1
a: no special abilities


You were on level 3 of the Dungeon.
You were not hungry.

You visited 1 branch of the dungeon, and saw 3 of its levels.

You collected 52 gold pieces.

Inventory:

Hand Weapons
 a - a +1 shortbow
 b - a +0 short sword
 i - a +0 spear
 o - a +0 club
 p - a +0 hand axe
 q - a +0 club
 s - a +0 dagger
 t - a +0 club
 u - a +0 club
 z - a +0 club
 A - a +0 dagger
 C - a +0 dagger
 D - a +0 spear
 F - a +0 hunting sling (weapon)
 H - a +2 mace of protection
 L - a +0 hand crossbow
Missiles
 h - 5 arrows
 j - 110 stones (quivered)
 k - 11 sling bullets
 r - 11 poisoned needles
Armour
 c - a +0 leather armour
 m - a +0 chain mail (worn)
 n - a +0 leather armour
 w - a +0 plate armour
 B - a +0 ring mail
 E - a +0 robe
 G - a +0 leather armour
 J - a +0 leather armour
 N - a +0 ring mail
Jewellery
 e - an amulet of guardian spirit (around neck)
 x - a +1 ring of protection (left hand)
Wands
 d - a wand of confusion (24/48)
Scrolls
 l - a scroll of teleportation {unknown}
 y - a scroll of identify
 I - a scroll of immolation {unknown}
 K - a scroll of fear {unknown}
Comestibles
 f - a bread ration
 g - a royal jelly
 v - a meat ration


   Skills:
 + Level 2.2 Fighting
 + Level 6.2 Bows
 + Level 0.9 Armour
 + Level 2.2 Dodging
 + Level 1.5 Stealth


You had 4 spell levels left.
You didn't know any spells.

Dungeon Overview and Level Annotations

Branches:
Dungeon (3/15)

Altars:


Innate Abilities, Weirdness & Mutations

You are small and have problems with some larger weapons.
You are somewhat resistant to further mutation.
Your flesh is heat resistant. (rF+)


Message History

You shoot a stone. The stone hits the orc.
The orc is lightly wounded.
The orc hits you but does no damage. The orc barely misses you.
Firing (i - inventory. (,) - cycle):
j - 111 stones (quivered)
Press: ? - help, Shift-Dir - straight line, f/p - orc
Aim: an orc, wielding a club and wearing a scale mail (lightly wounded)
You shoot a stone.
The stone hits the orc but does no damage.
The orc is lightly wounded.
The orc barely misses you.
The orc hits you from afar with a trident of distortion.
* * * LOW HITPOINT WARNING * * *
Space bends around you.
* * * LOW HITPOINT WARNING * * *
Unknown command.
It was a potion of ambrosia.
You are confused.
You feel invigorated. The orc hits you but does no damage. x2
Space warps horribly around you!
You die...

########
#..@ooo#
####.####.#
......###.#
#......#o######
# #. #.#o.?...#
#..#.#.####.#
#.....(####
##.#..(...#
...###.##.#(##


You could see an orc priest and 2 orcs.

Vanquished Creatures
  Ijyb (D:3)
  4 adders (D:2)
  An ooze (D:1)
  2 dart slugs
  3 leopard geckos (D:1)
  3 bats (D:2)
  2 giant cockroaches (D:2)
  3 hobgoblins
  3 jackals (D:2)
  2 quokkas (D:2)
  4 frilled lizards
  4 goblins
  5 kobolds
  10 rats
47 creatures vanquished.

Notes
Turn   | Place    | Note
-------+----------+-------------------------------------------
     0 | D:1      | Internecine the Halfling Hunter began the quest for the Orb.
     0 | D:1      | Reached XP level 1. HP: 14/14 MP: 1/1
   354 | D:1      | Reached XP level 2. HP: 16/19 MP: 2/2
   533 | D:1      | Reached skill level 5 in Bows
   810 | D:1      | Reached XP level 3. HP: 24/24 MP: 3/3
  1284 | D:2      | Reached XP level 4. HP: 14/29 MP: 0/4
  1410 | D:2      | Gained mutation: Your flesh is heat resistant. (rF+) [potion of mutation]
  2332 | D:3      | Noticed Ijyb
  2343 | D:3      | Killed Ijyb
  2343 | D:3      | Reached skill level 6 in Bows
  2343 | D:3      | Reached XP level 5. HP: 33/34 MP: 5/5
  2396 | D:3      | Slain by an orc

Skill      XL: |  1  2  3  4 |
---------------+-------------+-----
Bows           | 5 6 |  6.2
Fighting       | 2 |  2.2
Armour         | |  0.9
Dodging        | |  2.2
Stealth        | |  1.5

Action                   |  1- 3 |  4- 6 || total
-------------------------+-------+-------++-------
Melee: Shortbow          |     5 |     1 ||     6
       Short sword       |     2 |     7 ||     9
 Fire: Shortbow          |    76 |    53 ||   129
       Hunting sling     |       |    15 ||    15
  Use: Scroll            |     5 |       ||     5
       Potion            |       |     4 ||     4
  Eat: Chunk             |     1 |     3 ||     4
Armor: Chain mail        |    24 |    30 ||    54
       Leather armour    |     2 |       ||     2
Dodge: Dodged            |    26 |    39 ||    65
